Map: Honorgrounds LE

Players

MustardTiger

  • Race: Zerg Zerg
  • League: Gold
  • Spawn Location: 1:00

Fropez - Winner!

  • Race: Protoss Protoss
  • League: Platinum
  • Spawn Location: 5:00

VOD

Have the link to the VOD?

Description

Time

  • Played on: Jan. 29, 2017, 2:39 p.m.
  • Length: 14:06
Show
View Real Time Build Order
Export as new Build Order

MustardTiger Zerg 

Build Orders: Hatch First 

Get SALT Encoding   

  12  0:02  Drone  
  13  0:12  Drone  
  14  0:18  Overlord  
  14  0:24  Extractor  
  14  0:26  Drone  
  14  0:28  Extractor  
  14  0:31  Drone  
  16  0:37  Drone  
  17  0:46  Drone  
  18  0:59  Drone  
  19  1:04  Hatchery  
  18  1:16  Spawning Pool  
  17  1:20  Extractor  
  17  1:23  Drone  
  17  1:25  Drone  
  18  1:45  Drone  
  19  1:48  Drone  
  20  2:02  Hatchery  
  20  2:04  Overlord  
  19  2:27  Queen, Drone x2  
  23  2:30  Drone x2  
  24  2:41  Queen  
  26  2:51  Drone x2  
  26  2:54  Metabolic Boost  
  28  3:03  Evolution Chamber  
  28  3:04  Drone  
  28  3:15  Zergling x2  
  28  3:16  Queen  
  28  3:18  Drone  
  32  3:24  Queen  
  34  3:29  Extractor  
  34  3:30  Zerg Melee Weapons Level 1  
  33  3:36  Drone x2  
  35  3:55  Drone x3  
  38  3:57  Zergling x8  
  38  3:59  Overlord  
  42  4:11  Overlord  
  42  4:12  Overlord  
  42  4:23  Roach Warren, Overlord  
  41  4:25  Drone  
  41  4:26  Drone  
  41  4:28  Drone  
  41  4:29  Drone  
  40  4:47  Drone x3  
  40  4:48  Drone x3  
  45  5:05  Drone  
  45  5:14  Lair  
  45  5:16  Drone x4  
  45  5:20  Extractor  
  48  5:21  Spine Crawler  
  48  5:22  Spine Crawler  
  48  5:24  Drone x5  
  52  5:28  Drone x2  
  53  5:52  Drone  
  53  5:53  Drone  
  53  5:57  Zergling x14  
  57  5:58  Zergling x2  
  57  6:03  Zerg Ground Armor Level 1  
  63  6:06  Overlord  
  63  6:07  Overlord  
  63  6:12  Extractor, Drone x3  
  63  6:15  Extractor, Glial Reconstitution  
  64  6:20  Drone  
  64  6:21  Hydralisk Den  
  62  6:46  Roach x8  
  62  6:47  Roach x5  
  72  6:56  Roach x2  
  69  7:19  Overseer x2  
  69  7:44  Hatchery  
  68  7:59  Burrow  
  68  8:00  Hydralisk x3  
  68  8:01  Roach x3  
  69  8:29  Hydralisk x2  
  69  8:30  Roach x2  
  78  8:35  Hatchery  
  77  8:48  Overlord x4  
  77  9:28  Zerg Missile Weapons Level 1  
  77  9:30  Drone x2  
  77  9:31  Drone  
  80  9:41  Queen  
  80  9:42  Drone  
  80  9:43  Drone x2  
  80  9:44  Drone  
  60  10:29  Muscular Augments  
  60  10:33  Drone x3  
  63  10:37  Drone x3  
  63  10:38  Drone x3  
  62  11:19  Roach x2  
  62  11:20  Drone  
  62  11:21  Drone x3  
  62  11:22  Zerg Missile Weapons Level 2  
  62  11:32  Roach x2  
  62  11:34  Roach x2  
  62  11:35  Roach x3  
  68  11:43  Drone  
  68  11:44  Drone x2  
  71  11:58  Hydralisk x3  
  77  12:02  Drone  
  77  12:05  Drone  
  79  12:29  Drone x2  
  82  12:30  Drone  
  82  12:31  Drone x3  
  82  12:32  Drone x2  
  87  13:01  Ravager, Hydralisk x3  
  87  13:02  Ravager x7  
  87  13:03  Ravager x2  
  97  13:19  Zergling x24  
  108  13:33  Drone x2  
  108  13:34  Drone x3  
Show
View Real Time Build Order
Export as new Build Order

Fropez Protoss - Winner!

Build Orders: Zealot Archon 

Get SALT Encoding   

  12  0:01  Probe (Chrono Boost)  
  13  0:11  Probe (Chrono Boost)  
  14  0:20  Pylon  
  14  0:22  Probe (Chrono Boost)  
  15  0:38  Probe (Chrono Boost)  
  16  0:49  Probe (Chrono Boost)  
  17  0:59  Probe (Chrono Boost)  
  17  1:01  Assimilator  
  18  1:06  Nexus  
  18  1:11  Probe (Chrono Boost)  
  19  1:22  Probe (Chrono Boost)  
  19  1:24  Gateway  
  20  1:29  Assimilator  
  20  1:33  Probe (Chrono Boost)  
  21  1:43  Probe (Chrono Boost)  
  22  1:52  Pylon  
  23  1:54  Probe (Chrono Boost)  
  23  2:11  Gateway  
  23  2:14  Pylon  
  23  2:16  Cybernetics Core  
  23  2:18  Probe (Chrono Boost)  
  23  2:19  Probe (Chrono Boost)  
  25  2:32  Zealot  
  27  2:38  Probe (Chrono Boost)  
  27  2:39  Probe (Chrono Boost)  
  27  2:40  Warp Gate  
  29  2:49  Probe (Chrono Boost)  
  31  2:55  Mothership Core (Chrono Boost)  
  32  3:00  Adept x2  
  36  3:11  Probe (Chrono Boost)  
  37  3:18  Probe (Chrono Boost)  
  38  3:23  Probe (Chrono Boost)  
  38  3:25  Twilight Council  
  39  3:31  Probe (Chrono Boost)  
  40  3:35  Pylon  
  40  3:40  Pylon, Probe (Chrono Boost)  
  41  3:45  Adept x2, Probe (Chrono Boost)  
  46  3:59  Gateway  
  46  4:00  Gateway  
  46  4:03  Gateway x2  
  46  4:05  Forge  
  46  4:10  Dark Shrine  
  46  4:13  Probe (Chrono Boost)  
  46  4:14  Probe (Chrono Boost)  
  48  4:20  Robotics Facility  
  48  4:23  Probe (Chrono Boost)  
  49  4:46  Resonating Glaives  
  49  5:06  Warp Prism, Pylon  
  47  5:08  Probe (Chrono Boost)  
  47  5:10  Probe (Chrono Boost)  
  49  5:23  Probe (Chrono Boost)  
  49  5:25  Nexus, Probe (Chrono Boost)  
  49  5:26  Adept x4  
  49  5:27  Adept  
  61  5:29  Assimilator  
  61  5:31  Pylon  
  61  5:34  Pylon  
  61  5:45  Probe (Chrono Boost)  
  61  5:46  Forge, Probe (Chrono Boost)  
  63  5:50  Assimilator  
  63  5:51  Forge  
  63  5:55  Observer, Assimilator  
  64  5:58  Dark Templar x2  
  68  6:22  Gateway  
  68  6:26  Archon  
  68  6:27  Pylon, Dark Templar  
  64  6:53  Dark Templar  
  66  7:03  Adept x3  
  66  7:04  Adept  
  66  7:05  Probe (Chrono Boost)  
  66  7:06  Probe (Chrono Boost)  
  66  7:16  Gateway  
  66  7:17  Gateway  
  66  7:18  Probe (Chrono Boost), Gateway  
  66  7:21  Gateway  
  66  7:22  Dark Templar  
  67  7:24  Assimilator  
  67  7:26  Zealot x4  
  67  7:27  Zealot  
  63  7:46  Probe (Chrono Boost)  
  63  7:47  Probe (Chrono Boost)  
  63  7:48  Probe (Chrono Boost)  
  66  8:00  Dark Templar x2  
  62  8:36  Protoss Ground Weapons Level 1  
  62  8:37  Stalker x2  
  62  8:38  Stalker  
  68  8:45  Pylon  
  68  8:47  Protoss Ground Armor Level 1  
  68  8:48  Probe x2 (Chrono Boost)  
  70  8:49  Pylon  
  70  8:53  Pylon  
  70  8:56  Probe (Chrono Boost)  
  70  8:58  Adept x2  
  70  9:00  Probe (Chrono Boost)  
  76  9:03  Shadow Stride  
  75  9:32  Adept x5  
  75  9:33  Adept x3  
  75  9:34  Adept x2  
  93  10:07  Adept x5  
  93  10:08  Adept x4  
  93  10:13  Charge  
  109  10:16  Protoss Shields Level 1  
  109  10:19  Dark Templar  
  101  10:22  Observer  
  94  10:34  Zealot  
  94  10:35  Zealot x4  
  102  10:36  Zealot x4  
  102  10:40  Protoss Ground Weapons Level 2  
  110  11:13  Zealot x2  
  110  11:14  Zealot x7  
  110  11:15  Zealot  
  110  11:16  Observer  
  115  11:40  Nexus  
  115  11:44  Pylon, Dark Templar x3  
  115  11:47  Pylon  
  121  11:48  Adept x3  
  121  11:49  Adept x4  
  121  11:50  Assimilator  
  121  11:52  Probe x2 (Chrono Boost)  
  121  11:53  Probe (Chrono Boost), Assimilator  
  138  11:54  Pylon  
  138  11:56  Observer  
  139  12:02  Photon Cannon  
  139  12:05  Photon Cannon  
  139  12:07  Photon Cannon  
  139  12:11  Pylon  
  139  12:14  Photon Cannon  
  139  12:18  Zealot x7  
  139  12:19  Zealot x3  
  159  12:32  Archon  
  159  12:33  Archon  
  159  12:41  Stalker x4  
  159  12:42  Stalker  
  169  13:02  Stalker x2  
  169  13:33  Dark Templar x4  
  169  13:34  Dark Templar x5  
Tags
 
Composition
Zealot Archon
Matchup
PvZ
Replay Pack
All Mines
Spawn Locations
Close Positions
Add a new tag
Caveats
  • Supply blocks, unpowered buildings, or Contaminate may cause inaccurate times.
  • Supply counts are checked every 10 seconds.